 Dungeon Crawl Stone Soup version 0.28.0-45-g0d030f2227 (webtiles) character file.

Game seed: 5440179059754160175

20052 Icepheonix32 the Cruncher (level 12, -1/91 HPs)
             Began as a Demonspawn Fighter on Apr 13, 2022.
             Was a Priest of Dithmenos.
             Slain by a 14-headed hydra (10 damage)
             ... on level 4 of the Lair of Beasts.
             The game lasted 00:19:08 (13733 turns).

Icepheonix32 the Cruncher (Demonspawn Fighter)     Turns: 13733, Time: 00:19:08

Health: -1/91      AC: 21    Str: 18 (21) XL:     12   Next: 42%
Magic:  15/15      EV: 16    Int: 14 (15) God:    Dithmenos [***...]
Gold:   517        SH:  6    Dex: 24 (25) Spells: 11/11 levels left

rFire   . . .      SeeInvis +   A - +8 long sword of Vurhaufor {distort, Str+3}
rCold   . . .      Faith    .   c - +0 buckler
rNeg    . . .      Spirit   .   W - +5 ring mail of Tempters {Drain rCorr Int+2}
rPois   +          Reflect  .   q - +1 hat
rElec   +          Harm     .   s - +2 cloak of Lifelessness {rPois Dex+4}
rCorr   +          Rampage  .   J - +0 pair of gloves
Will    .....      Clarity  +   (no boots)
Stlth   ++++......              (no amulet)
HPRegen 0.25/turn               e - +6 ring of dexterity
MPRegen 0.14/turn               f - ring of see invisible

@: wreathed by umbra
A: hooves 2, thin metallic scales 3, powered by pain 3, antennae 1, clarity,
clever 1, deterioration 1
a: Renounce Religion, Shadow Step


You were on level 4 of the Lair of Beasts.
You worshipped Dithmenos.
Dithmenos was most pleased with you.
You visited 3 branches of the dungeon, and saw 17 of its levels.

You collected 748 gold pieces.
You spent 231 gold pieces at shops.

Inventory:

Hand Weapons
 a - a +0 long sword
 t - a +4 spectral quarterstaff
 A - the +8 long sword of Vurhaufor (weapon) {distort, Str+3}
   (You found it on level 2 of the Lair of Beasts)

   It warps and distorts space around it, and may blink, banish, or inflict
   extra damage upon those it strikes.
   Unwielding it can cause banishment or high damage.
   Str:       It affects your strength (+3).
 S - the +6 quarterstaff "Rualud" {drain, rN+}
   (You found it on level 4 of the Lair of Beasts)

   A truly terrible weapon, it drains the life of any living foe it strikes.
   rN:        It protects you from negative energy.
Missiles
 o - 17 poisoned darts
 u - 2 throwing nets (quivered)
 y - 10 boomerangs
 O - 2 curare-tipped darts
Armour
 c - a +0 buckler (worn)
 n - a +0 plate armour
 q - a +1 hat (worn)
 s - the +2 cloak of Lifelessness (worn) {rPois Dex+4}
   (You found it on level 2 of the Dungeon)

   Dex:       It affects your dexterity (+4).
   rPois:     It protects you from poison.
 C - a +0 kite shield
 J - a +0 pair of gloves (worn)
 W - the +5 ring mail of Tempters (worn) {Drain rCorr Int+2}
   (You found it on level 10 of the Dungeon)

   Int:       It affects your intelligence (+2).
   rCorr:     It protects you from acid and corrosion.
   Drain:     It drains your maximum health when unequipped.
Jewellery
 b - a ring of ice
 e - a +6 ring of dexterity (left hand)
 f - a ring of see invisible (right hand)
 m - a ring of poison resistance
 B - a ring of protection from cold
 P - a ring of ice
 T - a +4 ring of protection
Wands
 x - a wand of mindburst (5)
 D - a wand of flame (66)
 I - a wand of digging (7)
 U - a wand of iceblast (5)
Scrolls
 g - a scroll of silence
 i - a scroll of torment
 j - 2 scrolls of blinking
 p - 7 scrolls of teleportation
 r - a scroll of vulnerability
 v - a scroll of fear
 K - a scroll of holy word
 L - 2 scrolls of immolation
 M - 2 scrolls of amnesia
Potions
 d - 3 potions of might
 h - 5 potions of flight
 k - 6 potions of haste
 l - 2 potions of invisibility
 w - 2 potions of lignification
 z - a potion of cancellation
 E - 2 potions of curing
 F - 4 potions of heal wounds
 G - a potion of berserk rage
 H - a potion of ambrosia
 N - a potion of magic
 Q - 2 potions of attraction


   Skills:
 - Level 7.0 Fighting
 * Level 7.6 Long Blades
 - Level 11.5 Staves
 - Level 7.0 Armour
 + Level 7.7 Dodging
 - Level 5.6 Stealth
 + Level 3.2 Shields
 - Level 5.0 Invocations


You had 11 spell levels left.
You didn't know any spells.
Your spell library contained the following spells:

 Spells                   Type           Power      Damage    Failure   Level
 Animate Skeleton         Necr           0%         N/A       54%         1
 Apportation              Tloc           0%         N/A       54%         1
 Freeze                   Ice            0%         1d3       54%         1
 Sandblast                Erth           0%         2d4       54%         1
 Summon Small Mammal      Summ           0%         N/A       54%         1
 Passwall                 Tmut/Erth      0%         N/A       67%         2
 Sublimation of Blood     Necr           0%         N/A       67%         2
 Frozen Ramparts          Ice            0%         1d2       88%         3
 Stone Arrow              Conj/Erth      0%         3d7       88%         3
 Hailstorm                Conj/Ice       0%         3d3       99%         4
 Petrify                  Tmut/Erth      0%         N/A       99%         4
 Freezing Cloud           Conj/Ice/Air   0%         6-21      100%        5
 Irradiate                Conj/Tmut      0%         3d14      100%        5
 Simulacrum               Ice/Necr       0%         N/A       100%        6
 Polar Vortex             Ice            0%         N/A       100%        9


Dungeon Overview and Level Annotations

Branches:
Dungeon (12/15)            Temple (1/1) D:7            Lair (4/6) D:11
 Shoals (0/4) Lair:3          Orc (0/2) D:10
  Snake: Lair:2-4    Spider: Lair:2-4

Altars:
Ashenzari
Cheibriados
Dithmenos
Elyvilon
Fedhas
Gozag
Hepliaklqana
Kikubaaqudgha
Makhleb
Nemelex Xobeh
Okawaru
Qazlal
Sif Muna
Trog
Uskayaw
Vehumet
Wu Jian
Xom
Yredelemnul
Zin
The Shining One

Shops:
D:6 !   D:7 =

Annotations:
D:6 3 runed translucent doors, bnorton916's ghost, novice BaIE


Innate Abilities, Weirdness & Mutations

You have hoof-like feet.
You are completely covered in thin metallic scales. (AC +4, rElec)
You are powered by pain.
You have a pair of small antennae on your head.
You possess an exceptional clarity of mind.
Your mind is acute. (Int +2)
Your body sometimes deteriorates upon taking damage.


Message History

The 12-headed hydra bites you but does no damage.
You block the 12-headed hydra's attack. The 12-headed hydra bites you!
Your body deteriorates!
You feel clumsy.
The 12-headed hydra bites you but does no damage. x2
The 12-headed hydra misses you. The 12-headed hydra bites you.
The 12-headed hydra closely misses you.
The 12-headed hydra barely misses you. x2
The 12-headed hydra closely misses you. You block the black bear's attack. x2
The black bear misses you.
The bullfrog hits you but does no damage.
Unknown command.
You chop one of the 12-headed hydra's heads off!
The 11-headed hydra grows two more!
You slash the 13-headed hydra! You kick the 13-headed hydra.
The 13-headed hydra is almost dead.
The bullfrog hits you.
The 13-headed hydra bites you but does no damage.
The 13-headed hydra misses you.
The 13-headed hydra bites you but does no damage.
You block the 13-headed hydra's attack. x2
The 13-headed hydra bites you but does no damage.
You block the 13-headed hydra's attack. The 13-headed hydra barely misses you.
The 13-headed hydra misses you. x2
The 13-headed hydra bites you but does no damage.
The 13-headed hydra misses you. The 13-headed hydra bites you.
* * * LOW HITPOINT WARNING * * *
The black bear completely misses you. The black bear closely misses you. x2
You slice one of the 13-headed hydra's heads off!
The 12-headed hydra grows two more!
You slash the 14-headed hydra!
Space warps around the 14-headed hydra.
The 14-headed hydra is almost dead.
The bullfrog misses you. The 14-headed hydra bites you.
* * * LOW HITPOINT WARNING * * *
The 14-headed hydra closely misses you. The 14-headed hydra bites you.
* * * LOW HITPOINT WARNING * * *
The 14-headed hydra closely misses you.
You block the 14-headed hydra's attack. x3
The 14-headed hydra closely misses you. You block the 14-headed hydra's attack.
The 14-headed hydra bites you.
* * * LOW HITPOINT WARNING * * *
The 14-headed hydra bites you!
You die...

#...........####
##....
#####P.#'.###
#P...† ###..##
####+. ##..#
##....
#####...##
##..P##
##...#.+#.#
#......
#.........#
#......
#.....D...#
#......
#....h@...+
#..†...
#.......F..#
+......
#..........#
#......
#..........#
#......
#..........[#
#......
##.##.+.#####
##<..... ##
##..# #P......
..# ######.. .#.


You could see a 14-headed hydra, a black bear and a bullfrog.

Vanquished Creatures
  An ettin (Lair:4)
  3 hydras
  Erolcha (D:11)
  Nergalle (D:11)
  An ugly thing (D:11)
  Joseph (D:8)
  Maurice (D:8)
  A black mamba (Lair:1)
  3 gargoyles
  5 kobold demonologists
  3 unseen horrors (D:11)
  3 cane toads
  4 komodo dragons
  2 polar bears
  A hornet (D:7)
  4 blink frogs (Lair:3)
  Prince Ribbit (D:9)
  2 wraiths
  19 yaks
  A basilisk (Lair:1)
  A vampire mosquito (D:11)
  2 acid dragons (D:9)
  4 water moccasins
  5 orc warriors
  3 black bears
  A sky beast (D:7)
  An ice beast (D:5)
  2 ogres
  5 wolves (Lair:1)
  6 centaurs
  2 kobold brigands (D:9)
  A gnoll sergeant (D:7)
  6 bullfrogs
  A wyvern zombie (D:6)
  2 scorpions
  4 killer bees (D:9)
  A water moccasin skeleton (D:6)
  An electric eel (Lair:3)
  3 wights (D:8)
  2 howler monkeys (D:6)
  2 jellies
  A centaur zombie (D:8)
  A gnoll shaman (D:5)
  7 orc priests
  2 centaur skeletons
  3 hounds
  3 iguanas
  21 orc wizards
  A hound skeleton (D:5)
  A howler monkey zombie (D:7)
  12 gnolls
  6 adders
  A howler monkey skeleton (D:6)
  An adder skeleton (D:4)
  A worm (D:2)
  2 dart slugs
  48 orcs
  5 bats
  6 endoplasms
  4 giant cockroaches
  10 hobgoblins
  2 jackals (D:1)
  4 kobolds
  6 quokkas
  10 ball pythons
  4 frilled lizards
  13 goblins
  2 rats (D:1)
290 creatures vanquished.

Vanquished Creatures (others)
  8 fungi
  10 plants
18 creatures vanquished.

Grand Total: 308 creatures vanquished

Notes
Turn   | Place    | Note
-------+----------+-------------------------------------------
     0 | D:1      | Icepheonix32 the Demonspawn Fighter began the quest for the
                  | Orb.
     0 | D:1      | Reached XP level 1. HP: 18/18 MP: 1/1
   272 | D:1      | Gained mutation: You have large cloven feet. [demonic
                  | ancestry]
   272 | D:1      | Reached XP level 2. HP: 24/24 MP: 2/2
   388 | D:1      | Found a faded altar of an unknown god.
   665 | D:1      | Gained mutation: You sometimes gain a little power by
                  | taking damage. [demonic ancestry]
   665 | D:1      | Reached XP level 3. HP: 29/29 MP: 3/3
  1068 | D:2      | Reached skill level 1 in Dodging
  1068 | D:2      | Gained mutation: You sometimes gain power by taking damage.
                  | [demonic ancestry]
  1068 | D:2      | Reached XP level 4. HP: 30/35 MP: 4/4
  1242 | D:2      | Identified the +2 cloak of Lifelessness {rPois Dex+4}
  1345 | D:2      | Reached XP level 5. HP: 37/41 MP: 5/5
  2036 | D:3      | Found a basalt altar of Yredelemnul.
  2198 | D:3      | Reached skill level 1 in Staves
  2472 | D:4      | Noticed a black bear
  2478 | D:4      | Killed a black bear
  2479 | D:4      | Reached skill level 2 in Staves
  2479 | D:4      | Gained mutation: You have hoof-like feet. [demonic
                  | ancestry]
  2479 | D:4      | Reached XP level 6. HP: 43/48 MP: 6/6
  2518 | D:4      | Noticed a water moccasin
  2522 | D:4      | Killed a water moccasin
  2660 | D:4      | Gained mutation: You are partially covered in thin metallic
                  | scales. (AC +2) [demonic ancestry]
  2660 | D:4      | Reached XP level 7. HP: 54/54 MP: 7/7
  2785 | D:4      | Reached skill level 3 in Staves
  3340 | D:5      | Entered Level 5 of the Dungeon
  3376 | D:5      | Reached skill level 1 in Stealth
  3423 | D:5      | Reached skill level 4 in Staves
  3486 | D:5      | Gained mutation: You are mostly covered in thin metallic
                  | scales. (AC +3) [demonic ancestry]
  3486 | D:5      | Reached XP level 8. HP: 55/61 MP: 8/8
  3876 | D:5      | Found a shadowy altar of Dithmenos.
  3997 | D:5      | Became a worshipper of Dithmenos the Shadowed
  4072 | D:6      | Reached skill level 5 in Staves
  4209 | D:6      | Reached skill level 5 in Armour
  4290 | D:6      | Reached skill level 5 in Fighting
  4562 | D:6      | Found a runed translucent gate.
  4562 | D:6      | Found a runed translucent gate.
  4563 | D:6      | Found a runed translucent gate.
  4776 | D:6      | Found Vine's Distillery.
  4786 | D:6      | Bought a potion of flight for 33 gold pieces
  4786 | D:6      | Bought a potion of berserk rage for 55 gold pieces
  4786 | D:6      | Bought 2 potions of heal wounds for 110 gold pieces
  4786 | D:6      | Bought a potion of lignification for 33 gold pieces
  4886 | D:6      | Noticed bnorton916's ghost (novice BaIE)
  4895 | D:6      | Gained mutation: You have a pair of small antennae on your
                  | head. [potion of mutation]
  4895 | D:6      | Gained mutation: Armour fits poorly on your strangely
                  | shaped body. [potion of mutation]
  4895 | D:6      | Gained mutation: You are agile. (Dex +2) [potion of
                  | mutation]
  4896 | D:6      | Lost mutation: You have a pair of small antennae on your
                  | head. [potion of mutation]
  4896 | D:6      | Lost mutation: You are agile. (Dex +2) [potion of mutation]
  4896 | D:6      | Lost mutation: Armour fits poorly on your strangely shaped
                  | body. [potion of mutation]
  4896 | D:6      | Gained mutation: Your mind is acute. (Int +2) [potion of
                  | mutation]
  4896 | D:6      | Gained mutation: You possess an exceptional clarity of
                  | mind. [potion of mutation]
  4896 | D:6      | Gained mutation: Your body sometimes deteriorates upon
                  | taking damage. [potion of mutation]
  4896 | D:6      | Gained mutation: You have a pair of small antennae on your
                  | head. [potion of mutation]
  4978 | D:7      | Reached skill level 6 in Staves
  5114 | D:7      | Reached * piety under Dithmenos
  5178 | D:7      | Gained mutation: You are powered by pain. [demonic
                  | ancestry]
  5178 | D:7      | Reached XP level 9. HP: 68/68 MP: 9/9
  5250 | D:7      | Found Ushrez's Jewellery Boutique.
  5313 | D:7      | Found an ornate altar of the Wu Jian Council.
  5455 | D:7      | Found a staircase to the Ecumenical Temple.
  5461 | Temple   | Entered the Ecumenical Temple
  5664 | D:7      | Identified the +1 ring mail of Tiniryn {rCorr Int+2}
  5875 | D:8      | Found an opulent altar of Gozag.
  6024 | D:8      | Reached skill level 7 in Staves
  6033 | D:8      | Noticed Maurice
  6311 | D:8      | Noticed Joseph
  6319 | D:8      | Killed Joseph
  6390 | D:8      | Reached ** piety under Dithmenos
  6391 | D:8      | Reached skill level 5 in Dodging
  6402 | D:8      | Killed Maurice
  6403 | D:8      | Reached skill level 8 in Staves
  6898 | D:9      | Found a bloodstained altar of Trog.
  6909 | D:9      | Reached XP level 10. HP: 65/76 MP: 10/10
  7304 | D:9      | Noticed a smoke demon
  7306 | D:9      | Reached skill level 9 in Staves
  7429 | D:9      | Paralysed by an orc wizard for 4 turns
  7514 | D:9      | Noticed Prince Ribbit
  7533 | D:9      | Killed Prince Ribbit
  7716 | D:9      | Reached skill level 10 in Staves
  8106 | D:10     | Entered Level 10 of the Dungeon
  8367 | D:10     | Found a staircase to the Orcish Mines.
  8521 | D:10     | Noticed a gargoyle
  8531 | D:10     | Killed a gargoyle
  8737 | D:10     | Identified the +5 ring mail of Tempters {Drain rCorr Int+2}
  9115 | D:10     | Noticed a gargoyle
  9125 | D:10     | Killed a gargoyle
  9126 | D:10     | Reached skill level 1 in Invocations
  9529 | D:11     | Noticed an eight-headed hydra
  9539 | D:11     | Killed an eight-headed hydra
  9795 | D:11     | Gained mutation: You are completely covered in thin
                  | metallic scales. (AC +4, rElec) [demonic ancestry]
  9795 | D:11     | Reached XP level 11. HP: 75/82 MP: 12/12
 10019 | D:11     | Noticed Erolcha
 10027 | D:11     | Killed Erolcha
 10034 | D:11     | Reached skill level 5 in Stealth
 10145 | D:11     | Found a staircase to the Lair.
 10161 | D:11     | Reached skill level 11 in Staves
 10541 | D:11     | Noticed Nergalle
 10573 | D:11     | Killed Nergalle
 10669 | D:12     | Noticed a red ugly thing
 10680 | D:11     | Killed a red ugly thing
 10808 | D:12     | Reached *** piety under Dithmenos
 10887 | Lair:1   | Entered Level 1 of the Lair of Beasts
 11252 | Lair:2   | Noticed a six-headed hydra
 11261 | Lair:2   | Killed a six-headed hydra
 11398 | Lair:2   | Identified the +8 long sword of Vurhaufor {distort, Str+3}
 12017 | Lair:2   | Reached skill level 5 in Invocations
 12300 | Lair:3   | Found the +8 woodcutter's axe {vorpal}
 12313 | Lair:3   | Noticed a five-headed hydra
 12319 | Lair:3   | HP: 4/84 [nine-headed hydra (11)]
 12320 | Lair:3   | Killed a ten-headed hydra
 12672 | Lair:3   | Reached XP level 12. HP: 87/91 MP: 15/15
 12684 | Lair:3   | Reached skill level 5 in Long Blades
 13210 | Lair:3   | Found a staircase to the Shoals.
 13586 | Lair:4   | Identified the +6 quarterstaff "Rualud" {drain, rN+}
 13630 | Lair:4   | Noticed a five-headed hydra
 13646 | Lair:4   | Noticed an ettin
 13646 | Lair:4   | a five-headed hydra changed into an ettin
 13650 | Lair:4   | Killed an ettin
 13718 | Lair:4   | Noticed an eight-headed hydra
 13733 | Lair:4   | Slain by a 14-headed hydra

Illustrated notes

Levels and vault maps discovered:
D:1:      dpeg_cavernosity, layout_basic,
          shapermc_ecumenical_altar_mp_highgroup, item_on_display_a
D:2:      kennysheep_the_goblin_king, layout_rooms, serial_curves,
          eino_curves_03, eino_curves_04, eino_curves_01
D:3:      layout_loops_ring, mainiacjoe_overflow_chevrons,
          nicolae_overflow_hidden_temple
D:4:      nicolae_BIG_FREAKIN_CUBE, layout_loops_ring, lemuel_round_altar
D:5:      layout_rooms, kennysheep_mini
D:6:      layout_loops_cross, serial_shops, nicolae_lakefront_shop,
          gammafunk_ghost_necromancy
D:7:      layout_cave_pools, nicolae_wu_jian_wuxing_cycle,
          minmay_temple_entry_fiery, serial_shops, nicolae_shop_crystal,
          roderic_lattice_a, serial_park_tiny_pond
D:8:      layout_rooms, overflow_temple_1_default, uniq_maurice, uniq_joseph
D:9:      layout_small_grid, trog_three_pillars_becter, uniq_prince_ribbit1
D:10:     layout_grid_maze, orc_0_dummy
D:11:     layout_basic, david_lair_shrubbed, small_statue_intersection,
          uniq_nergalle, uniq_erolcha
D:12:     layout_rooms
Temple:   eino_narrow_crystal_temple
Lair:1:   layout_small_grid
Lair:2:   layout_misc_corridors, infiniplex_staircase_pool_2
Lair:3:   layout_long_grid, minmay_shoals_entry_hut
Lair:4:   layout_roguey, guppyfry_snake_entry_island, grunt_megastairs_1

Skill      XL: |  1  2  3  4  5  6  7  8  9 10 11 12 |
---------------+-------------------------------------+-----
Armour         | 3 4 5 6 7 |  7.0
Long Blades    | 2 3 4 7 |  7.6
Shields        | 3 |  3.2
Dodging        | 1 2 3 4 5 6 7 |  7.7
Staves         | 2 4 6 8 10 11 | 11.5
Fighting       | 4 5 6 7 |  7.0
Stealth        | 1 2 4 5 |  5.6
Invocations    | 2 5 |  5.0

Action                   |  1- 3 |  4- 6 |  7- 9 | 10-12 || total
-------------------------+-------+-------+-------+-------++-------
Melee: Long sword        |    66 |    20 |       |   159 ||   245
       Kick              |    14 |    33 |    65 |   131 ||   243
       Quarterstaff      |       |    68 |   186 |   231 ||   485
Throw: Throwing net      |       |       |       |     1 ||     1
Invok: Shadow Step       |       |       |       |     1 ||     1
Evoke: Wand              |       |       |       |     6 ||     6
  Use: Scroll            |       |       |     8 |    12 ||    20
       Potion            |       |       |     3 |     3 ||     6
 Stab: Sleeping          |       |       |     6 |     6 ||    12
       Distracted        |       |       |     4 |     3 ||     7
       Held in net/web   |       |       |       |     3 ||     3
Armor: Scale mail        |    26 |    32 |       |       ||    58
       Ring mail         |       |    11 |    55 |   196 ||   262
Dodge: Dodged            |    22 |    58 |   133 |   367 ||   580
Block: Buckler           |    14 |       |       |    81 ||    95
